AoeStats
← ibreks

Arabia

509974823Analyzed
1v1 RM · 4d ago on Sep 28, 2026· 34m 7s· 2 players
Game mode
Random Map
Map size
Tiny (2 player)
Population
200
Speed
Normal
Resources
Standard
Victory
Conquest
Starting age
Dark Age
Ending age
Imperial Age
RankedLock teamsTeams togetherTeam positionsShared explorationLock speedFull tech treeHidden civsTurbo modeCheats
Victory
Defeat
🇺🇸 Gurjaras · United States
1124
+14
🇹🇷 Cumans · Türkiye
1091
-14
Jean Veljean
5:17 Loom
9:29 Feudal Age
11:38 Double-Bit Axe
17:49 Scale Barding Armor
23:42 Castle Age
23:01 Scale Barding Armor
23:58 Pikeman
32:30 Town Watch
ibreks
3:04 Loom
10:39 Feudal Age
11:50 Double-Bit Axe
18:52 Castle Age
16:59 Horse Collar
21:13 Bloodlines
21:34 Forging
26:26 Crossbowman
31:08 Iron Casting
32:15 Thumb Ring
Connection lost

Rejoining the realm…

Still unreachable

The connection could not be restored.

Session expired

The server has moved on; the page needs a fresh start.